 Dungeon Crawl Stone Soup version 0.16.1-7-g2c6721e (console) character file.

47 Monkaria the Skirmisher (level 3, 6/33 HPs)
             Began as a Minotaur Skald on Mar 29, 2015.
             Quit the game on level 2 of the Dungeon.
             The game lasted 00:02:08 (1672 turns).

Monkaria the Skirmisher (Minotaur Skald)            Turns: 1672, Time: 00:02:08

Health: 6/33       AC:  4    Str: 22    XL:     3   Next: 48%
Magic:  2/2        EV: 11    Int: 14    God:
Gold:   58         SH:  0    Dex:  9    Spells: 1 memorised, 3 levels left

rFire  . . .     SeeInvis .     a - +0 falchion
rCold  . . .     Clarity  .     b - +0 leather armour
rNeg   . . .     SustAb   .     (no shield)
rPois  .         Gourm    .     (helmet restricted)
rElec  .         Spirit   .     f - +0 cloak
rCorr  .         Warding  .     (no gloves)
rMut   .         Stasis   .     (no boots)
MR     .....                    (no amulet)
Stlth  +.........               (no ring)
                                (no ring)

@: mighty, brilliant, flying, not resistant to hostile enchantments, very
unstealthy
A: retaliatory headbutt, hooves 1, horns 2, low mp 1
a: no special abilities


You were on level 2 of the Dungeon.
You were hungry.

You visited 1 branch of the dungeon, and saw 2 of its levels.

You collected 58 gold pieces.

Inventory:

Hand weapons
 a - a +0 falchion (weapon)
Missiles
 g - 16 poisoned needles
Armour
 b - a +0 leather armour (worn)
 f - a +0 cloak (worn)
Magical devices
 p - a wand of confusion (31)
Scrolls
 h - 3 scrolls of enchant weapon {unknown}
 i - 5 scrolls of identify {unknown}
 j - a scroll of noise {unknown}
 k - a scroll of enchant armour {unknown}
 m - a scroll of fog {unknown}
 s - a scroll of blinking {unknown}
Potions
 e - a potion of flight
Books
 c - a book of Battle

   Spells                             Type                      Level
   a - Infusion                       Charms                       1
   b - Shroud of Golubria             Charms/Translocation         2
   c - Song of Slaying                Charms                       2
   d - Spectral Weapon                Hexes/Charms                 3
   e - Regeneration                   Charms/Necromancy            3
Comestibles
 d - 2 bread rations
 n - a meat ration


   Skills:
 + Level 3.8 Fighting
 * Level 3.7 Long Blades
 - Level 1.2 Armour
 - Level 1.1 Dodging
 - Level 1.3 Spellcasting
 - Level 2.0 Charms


You had 3 spell levels left.
You knew the following spells:

 Your Spells              Type           Power        Failure   Level  Hunger
a - Infusion              Chrm           ##....       1%          1    ##.....


Dungeon Overview and Level Annotations

Branches:
Dungeon (2/15)

Altars:


Innate Abilities, Weirdness & Mutations

You reflexively headbutt those who attack you in melee.
You have a pair of horns on your head.
You have large cloven feet.
Your magical capacity is low (-10% MP).


Message History

Drink which item? (? for menu, Esc to quit)
It was a potion of mutation.
You feel extremely strange.
Your feet thicken and deform.
You feel less energetic. The kobold completely misses you.
The kobold hits you but does no damage.
Things that are here:
a dagger; a kobold corpse You barely miss the kobold.
You kick the kobold.
The kobold is moderately wounded.
The kobold misses you.
You closely miss the kobold. You kick the kobold.
You kill the kobold!
h - 3 scrolls labeled CHEJAI TUSUJAA
Things that are here:
an enchanted dagger; a stone
Things that are here:
an enchanted dagger; a stone
Things that are here:
a dagger; a kobold corpse Are you sure you want to abandon this character and quit the game? (Confirm with "yes".)

..#............###...
#..#.................. .
................####.. ...
..............## ##.# ...
..............###..# .. ..
#................##
.....#.#..........#..#...>
...?......).........###...
......##.@)...............
... ###(........###...#
....#####...##...........
#.....................
#...###..####...........
#.###.............
#.....#...........
########..........
#..........


There were no monsters in sight!

Vanquished Creatures
  An adder (D:2)
  A worm (D:2)
  A giant gecko (D:1)
  3 bats
  A giant cockroach (D:1)
  4 hobgoblins
  2 ball pythons
  A giant newt (D:1)
  7 goblins
  5 kobolds
  5 rats
31 creatures vanquished.

Notes
Turn   | Place    | Note
--------------------------------------------------------------
     0 | D:1      | Monkaria, the Minotaur Skald, began the quest for the Orb.
     0 | D:1      | Reached XP level 1. HP: 18/18 MP: 2/2
   256 | D:1      | Reached skill level 3 in Fighting
   284 | D:1      | Reached XP level 2. HP: 17/26 MP: 2/2
  1382 | D:2      | Reached XP level 3. HP: 2/33 MP: 3/3
  1657 | D:2      | HP: 1/33 [poisoned by an adder]
  1661 | D:2      | Gained mutation: You have large cloven feet. [potion of mutation]
  1661 | D:2      | Gained mutation: Your magical capacity is low (-10% MP). [potion of mutation]
  1672 | D:2      | Quit the game

Action                   || total
-------------------------++-------
Melee: Falchion          ||    85
  Use: Potion            ||     5
  Eat: Beef jerky        ||     1
